 Dungeon Crawl Stone Soup version 0.30-a0-297-g0ec75d9ef4 (webtiles) character file.

Game seed: 8383731610650481376

1470 plokij the Slasher (level 8, -6/70 HPs)
             Began as a Minotaur Fighter on Oct 19, 2022.
             Was a Believer of Okawaru.
             Mangled by an orc
             ... wielding a +1 morningstar of protection
              (11 damage)
             ... on level 6 of the Dungeon.
             The game lasted 00:13:46 (5421 turns).

plokij the Slasher (Minotaur Fighter)               Turns: 5421, Time: 00:13:47

Health: -6/70      AC: 12    Str: 21    XL:     8   Next: 49%
Magic:  7/7        EV:  8    Int:  5    God:    Okawaru [**....]
Gold:   440        SH:  5    Dex: 12    Spells: 7/7 levels left

rFire   . . .      SeeInvis .    a - +0 long sword
rCold   . . .      Faith    .    c - +0 buckler
rNeg    . . .      Spirit   .    v - +0 plate armour
rPois   .          Reflect  .    (helmet restricted)
rElec   .          Harm     .    (no cloak)
rCorr   .          Rampage  .    (no gloves)
Will    .....                    (no boots)
Stlth   ..........               (no amulet)
HPRegen 0.31/turn                (no ring)
MPRegen 0.10/turn                (no ring)

@: mighty
A: horns 2, retaliatory headbutt
a: Renounce Religion, Heroism


You were on level 6 of the Dungeon.
You worshipped Okawaru.
Okawaru was pleased with you.
You visited 1 branch of the dungeon, and saw 6 of its levels.

You collected 440 gold pieces.

Inventory:

Hand Weapons
 a - a +0 long sword (weapon)
Armour
 c - a +0 buckler (worn)
 v - a +0 plate armour (worn)
Jewellery
 j - a ring of ice
Wands
 u - a wand of paralysis (4)
Scrolls
 b - 2 scrolls of amnesia {unknown}
 f - 11 scrolls of identify {unknown}
 i - 2 scrolls of enchant weapon {unknown}
 l - a scroll of summoning {unknown}
 m - 2 scrolls of noise {unknown}
 o - a scroll of fog {unknown}
 p - 2 scrolls of teleportation {unknown}
 q - 2 scrolls of enchant armour {unknown}
 r - a scroll of vulnerability {unknown}
 s - a scroll of magic mapping {unknown}
 t - a scroll of poison {unknown}
Potions
 e - a potion of ambrosia {unknown}
 g - 2 potions of degeneration {unknown}
 h - 2 potions of curing {unknown}
 k - a potion of mutation {unknown}
 n - a potion of attraction {unknown}


   Skills:
 + Level 6.2 Fighting
 + Level 6.3 Long Blades
 + Level 6.3 Armour
 * Level 6.0 Dodging
 + Level 6.2 Shields


You had 7 spell levels left.
You didn't know any spells.
Your spell library contained the following spells:

 Spells                   Type           Power      Damage    Failure   Level
 Ensorcelled Hibernation  Hex/Ice        0%         N/A       100%        2
 Sublimation of Blood     Necr           0%         N/A       100%        2
 Hailstorm                Conj/Ice       0%         3d3       100%        3
 Spider Form              Tmut/Pois      0%         N/A       100%        3
 Stone Arrow              Conj/Erth      0%         3d7       100%        3
 Anguish                  Hex/Necr       0%         N/A       100%        4
 Ice Form                 Ice/Tmut       0%         N/A       100%        4
 Petrify                  Tmut/Erth      0%         N/A       100%        4
 Irradiate                Conj/Tmut      0%         3d11      100%        5
 Lehudib's Crystal Spear  Conj/Erth      0%         10d2      100%        8
 Animate Armour           Summ/Erth      Unusable   N/A       N/A         4
 Simulacrum               Ice/Necr       Unusable   N/A       N/A         6

Dungeon Overview and Level Annotations

Branches:
Dungeon (6/15)
 Temple: D:4-7

Altars:
Gozag
Nemelex Xobeh
Okawaru
Wu Jian

Shops:
D:6 [

Annotations:
D:3 1 runed translucent door, Crazy Yiuf
D:6 2 transporters


Innate Abilities, Weirdness & Mutations

You have a pair of horns on your head.
You reflexively headbutt those who attack you in melee.


Message History

The orc priest hits you but does no damage.
You closely miss the orc priest.
The orc priest is heavily wounded.
The orc priest completely misses you. The orc hits you but does no damage.
You hit the orc priest but do no damage.
The orc priest is heavily wounded.
The orc priest hits you with a +0 hand axe.
The orc barely misses you. You block the orc priest's attack.
The orc misses you.
You closely miss the orc priest. You headbutt the orc priest.
The orc priest is almost dead.
The orc hits you but does no damage. The orc priest closely misses you.
You barely miss the orc priest. Your headbutt misses the orc priest.
The orc priest is almost dead.
The orc hits you but does no damage. The orc priest closely misses you.
You closely miss the orc priest.
The orc priest is almost dead.
The orc hits you with a +1 morningstar of protection!
* * * LOW HITPOINT WARNING * * *
The orc priest hits you with a +0 hand axe.
* * * LOW HITPOINT WARNING * * *
You completely miss the orc priest.
The orc priest is almost dead.
The orc hits you with a +1 morningstar of protection!
* * * LOW HITPOINT WARNING * * *
The orc priest hits you but does no damage.
You closely miss the orc priest.
The orc priest is almost dead.
You block the orc priest's attack.
The orc hits you with a +1 morningstar of protection.
* * * LOW HITPOINT WARNING * * *
You barely miss the orc priest.
The orc priest is almost dead.
The orc priest barely misses you. The orc hits you but does no damage.
Okay, then.
You feel very mighty all of a sudden.
The orc priest hits you with a +0 hand axe.
* * * LOW HITPOINT WARNING * * *
The orc hits you with a +1 morningstar of protection!
You die...

##...# ###<#.### ##.##
#.......# ####.######
##.......
..........#..)......
..#..####.#.# .....
.....## #.#.# ... .8.>.8#
#.#.# #o# .#...## #.#.#
#o### .#.∩.####.#.# #@o.#
# .#.....##.#.######.#.#
.8.<.8..........#....##.
.#...#.#..#.###..........#
.#####.#..#.# #....####..#
.#####)#..#.# #........ ..
.....))#..#.# #...#.#.#
..........#.# #...#.# #
######.#)##.# #...#.#


You could see an orc priest and 2 orcs.

Vanquished Creatures
  Grinder (D:6)
  Prince Ribbit (D:5)
  A water moccasin (D:6)
  A black bear (D:5)
  An orc warrior (D:6)
  An ogre (D:5)
  Blork the orc (D:5)
  A scorpion (D:5)
  A howler monkey (D:5)
  A jelly (D:5)
  2 orc priests
  3 hounds
  3 iguanas
  3 orc wizards
  3 gnolls (D:4)
  7 adders
  A white imp (D:5)
  An ufetubus (D:4)
  3 worms
  3 dart slugs
  14 orcs
  6 bats
  8 endoplasms
  3 giant cockroaches
  8 goblins
  10 hobgoblins
  4 jackals (D:5)
  2 quokkas
  10 ball pythons
  3 frilled lizards
  4 kobolds
  2 rats (D:1)
113 creatures vanquished.

Vanquished Creatures (others)
  2 fungi (D:3)
2 creatures vanquished.

Grand Total: 115 creatures vanquished

Notes
Turn   | Place    | Note
-------+----------+-------------------------------------------
     0 | D:1      | plokij the Minotaur Fighter began the quest for the Orb.
     0 | D:1      | Reached XP level 1. HP: 19/19 MP: 0/0
    86 | D:1      | Reached XP level 2. HP: 27/27 MP: 1/1
  1028 | D:2      | Reached XP level 3. HP: 32/33 MP: 2/2
  1054 | D:2      | Reached skill level 1 in Dodging
  1592 | D:2      | Reached XP level 4. HP: 25/40 MP: 3/3
  1881 | D:3      | Found an ornate altar of the Wu Jian Council.
  2304 | D:3      | Found an iron altar of Okawaru.
  2309 | D:3      | Became a worshipper of Warmaster Okawaru
  2409 | D:3      | Found a runed translucent door.
  2410 | D:3      | Noticed Crazy Yiuf
  2541 | D:4      | Reached XP level 5. HP: 46/46 MP: 4/4
  2672 | D:4      | Found an opulent altar of Gozag.
  3258 | D:5      | Entered Level 5 of the Dungeon
  3276 | D:5      | Noticed Blork the orc
  3369 | D:5      | Reached XP level 6. HP: 15/53 MP: 5/5
  3590 | D:5      | Noticed Prince Ribbit
  3850 | D:5      | Reached * piety under Okawaru
  3851 | D:5      | Reached skill level 5 in Long Blades
  3851 | D:5      | Reached skill level 5 in Shields
  3865 | D:5      | Killed Prince Ribbit
  3866 | D:5      | Reached skill level 5 in Fighting
  3866 | D:5      | Reached skill level 5 in Armour
  3866 | D:5      | Reached XP level 7. HP: 22/61 MP: 6/6
  4076 | D:5      | Reached ** piety under Okawaru
  4084 | D:5      | Killed Blork the orc
  4213 | D:5      | Found a sparkling altar of Nemelex Xobeh.
  4694 | D:6      | Found Tuducafi's Antique Armour Boutique.
  4711 | D:6      | Reached skill level 5 in Dodging
  4711 | D:6      | Reached XP level 8. HP: 28/70 MP: 7/7
  4888 | D:6      | Paralysed by an orc wizard for 5 turns
  5092 | D:6      | Found a transporter.
  5107 | D:6      | Found a transporter.
  5272 | D:6      | Noticed Grinder
  5282 | D:6      | Paralysed by Grinder for 3 turns
  5292 | D:6      | Killed Grinder
  5421 | D:6      | Mangled by an orc

Illustrated notes

Levels and vault maps discovered:
D:1:      sevenhm_arrival_forest_fort_large_3, layout_basic,
          serial_co_window_serial, co_window_of_opportunity_a,
          co_window_corner_a, co_window_paths_b, co_window_paths_a,
          co_window_paths_b, co_window_paths_b, co_window_paths_a,
          co_window_broadway_c, co_window_unsneaky_path_a, co_window_corner_cb,
          co_window_of_opportunity_c, co_window_paths_e, glass_columns_a
D:2:      layout_basic, chequers_serial_rivers_micro_a, minmay_pentomino_o4
D:3:      layout_basic, mainiacjoe_overflow_alcove_1, lemuel_doored_altar,
          minmay_misc_feat_rugged, uniq_crazy_yiuf_cottage
D:4:      layout_loops_cross, grunt_gozag_statues, kennysheep_potato
D:5:      layout_basic, nemelex_dance_club_becter, uniq_blork_the_orc,
          uniq_prince_ribbit1
D:6:      gammafunk_steamed_eel, layout_loops_ring,
          grunt_temple_overflow_magic_moments, mainiacjoe_overflow_brackets,
          nicolae_ashenzari_panopticon, portal_sewer_entry_e, serial_shops,
          nicolae_stop_n_shop_2, uniq_sigmund, uniq_grinder

Skill      XL: |  1  2  3  4  5  6  7  8 |
---------------+-------------------------+-----
Long Blades    | 3 4 5 6 |  6.3
Armour         | 4 5 6 |  6.3
Dodging        | 1 2 3 5 6 |  6.0
Shields        | 4 5 6 |  6.2
Fighting       | 4 5 6 |  6.2

Action                   |  1- 3 |  4- 6 |  7- 9 || total
-------------------------+-------+-------+-------++-------
Melee: Long sword        |   127 |    98 |   148 ||   373
       Headbutt          |    13 |    16 |    29 ||    58
Invok: Heroism           |       |       |     4 ||     4
  Use: Potion            |       |       |     1 ||     1
Armor: Scale mail        |    35 |       |       ||    35
       Chain mail        |    33 |    41 |    55 ||   129
       Plate armour      |       |       |    22 ||    22
Dodge: Dodged            |    50 |    39 |    67 ||   156
Block: Buckler           |    25 |    16 |    37 ||    78

Table legend: (Time is in decaauts)
 A = Elapsed time spent in this place.
 B = Non-inter-level travel time spent in this place.
 C = Inter-level travel time spent in this place.
 D = Time resting spent in this place.
 E = Time spent auto-exploring this place.
 F = Levels seen in this place.
 G = Mean time per level.
                   A        B        C        D        E       F      G
               +--------+--------+--------+--------+--------+-----+--------+
         Total |   5494 |   4821 |    673 |    691 |   2987 |   6 |  915.7 |
       Dungeon |   5494 |   4821 |    673 |    691 |   2987 |   6 |  915.7 |
               +--------+--------+--------+--------+--------+-----+--------+

Top non-repeatable levels by time:
     D:5: 1190 daAuts
     D:4: 1088 daAuts
     D:1: 1040 daAuts
     D:2: 823 daAuts
     D:6: 736 daAuts
     D:3: 615 daAuts
